 Dungeon Crawl Stone Soup version 0.24-a0-434-gd57e52fea8 (webtiles) character file.

Game seed: 13016519600716535162

409 Napalmbreeze the Magician (level 6, -3/38 HPs)
             Began as a Tengu Wizard on June 15, 2019.
             Shot with an arrow by a centaur (8 damage)
             ... on level 5 of the Dungeon.
             The game lasted 00:19:36 (4781 turns).

Napalmbreeze the Magician (Tengu Wizard)            Turns: 4781, Time: 00:19:37

Health: -3/38      AC:  5    Str:  7    XL:     6   Next: 89%
Magic:  10/14      EV: 15    Int: 21    God:
Gold:   246        SH:  0    Dex: 12    Spells: 6/15 levels left

rFire    . . .     SeeInvis .   c - +0 short sword
rCold    + . .     Gourm    .   (no shield)
rNeg     . . .     Faith    .   a - +0 robe
rPois    .         Spirit   .   b - +0 hat
rElec    .         Reflect  .   o - +2 cloak
rCorr    .         Harm     .   (no gloves)
MR       .....                  (boots unavailable)
Stlth    ++........             (no amulet)
HPRegen  0.12/turn              e - ring of protection from cold
MPRegen  0.14/turn              (no ring)

@: flying quickly and evasively, quick
A: beak, talons 3, able to fly
a: Stop Flying


You were on level 5 of the Dungeon.
You were not hungry.

You visited 1 branch of the dungeon, and saw 5 of its levels.
You also visited: Sewer.

You collected 246 gold pieces.

Inventory:

Hand Weapons
 c - a +0 short sword (weapon)
Missiles
 s - 3 poisoned darts (quivered)
Armour
 a - a +0 robe (worn)
 b - a +0 hat (worn)
 g - a +0 buckler
 o - a +2 cloak (worn)
Jewellery
 e - a ring of protection from cold (left hand)
Scrolls
 h - 2 scrolls of enchant weapon
 i - 4 scrolls of blinking
 j - 3 scrolls of remove curse
 k - a scroll of amnesia
 l - a scroll of fog
 m - a scroll of magic mapping
 p - a scroll of fear {unknown}
 q - 2 scrolls of teleportation {unknown}
Potions
 f - 2 potions of invisibility {unknown}
 n - 4 potions of curing {unknown}
 r - a potion of mutation {unknown}
 t - a potion of resistance {unknown}
 u - 5 potions of flight {unknown}
 v - 2 potions of heal wounds {unknown}
 w - a potion of brilliance {unknown}
Comestibles
 d - 9 rations
 x - 7 chunks of flesh


   Skills:
 + Level 3.9 Fighting
 - Level 2.1 Dodging
 - Level 2.0 Stealth
 - Level 5.0 Spellcasting
 - Level 4.0 Conjurations
 + Level 1.6 Summonings
   Level 0.7 Translocations


You had 6 spell levels left.
You knew the following spells:

 Your Spells              Type           Power        Failure   Level  Hunger
a - Magic Dart            Conj           ###.         1%          1    None
d - Conjure Flame         Conj/Fire      ##......     14%         3    ##.....
e - Mephitic Cloud        Conj/Pois/Air  ##......     19%         3    ##.....
s - Call Imp              Summ           ##......     9%          2    None

Your spell library contained the following spells:

 Spells                   Type           Power        Failure   Level  Hunger
 Beastly Appendage        Tmut           #.....       11%         1    None
 Blink                    Tloc           N/A          12%         2    None
 Slow                     Hex            #.......     16%         2    None
 Sticks to Snakes         Tmut           #.......     16%         2    None
 Spider Form              Tmut/Pois      #.........   32%         3    ##.....
 Ice Form                 Ice/Tmut       #.......     71%         4    ####...
 Blade Hands              Tmut           #.........   96%         5    #####..


Dungeon Overview and Level Annotations

Branches:
Dungeon (5/15)
 Temple: D:4-7

Altars:
Cheibriados
Dithmenos

Annotations:
D:4 Menkaure, Menkaure
D:5 exclusion: water moccasin


Innate Abilities, Weirdness & Mutations

You have a beak for a mouth.
You have claws for feet.
You can fly continuously.


Message History

You hit the centaur. Your kick misses the centaur.
The centaur is severely wounded.
The centaur hits you.
* * * LOW HITPOINT WARNING * * *
The centaur hits you.
* * * LOW HITPOINT WARNING * * *
Unknown command.
Your white imp hits the centaur but does no damage.
The centaur closely misses your white imp.
Unknown command.
Casting: Call Imp (safe; 9% risk of failure)
Confirm with . or Enter, or press ? or * to list all spells.
A beastly little devil appears in a puff of flame.
Your white imp disappears in a puff of smoke!
The centaur wields a +0 shortbow.
The centaur shoots an arrow.
The arrow misses your crimson imp.
Unknown command.
Okay, then.
The centaur shoots an arrow.
The arrow hits you!
You die...

#...###....# ...
..#.#
#.####..#..#
##.. #....# ..#
##.##..#
#..##.... .##
#..##..# #.##...
##
#)##..####5##.#
##.##..###.....#
#...<........#5#
#
##.....<..####(#
##.#...### #@.#
###...# #c§##
#.#........
##.......###
.#...<. #.).####
...## ##


You could see a centaur and a friendly crimson imp.

Vanquished Creatures
  A hound (D:5)
  A bullfrog skeleton (D:4)
  An iguana (D:4)
  5 adders
  2 river rats (D:4)
  An adder zombie (D:5)
  A dart slug (D:1)
  A leopard gecko (D:3)
  8 orcs
  2 giant cockroaches
  10 goblins
  7 hobgoblins
  4 jackals
  A quokka (D:3)
  8 bats
  2 frilled lizards
  10 kobolds
  10 rats
75 creatures vanquished.

Vanquished Creatures (collateral kills)
  A big kobold (Sewer)
  A scorpion (D:4)
  An orc wizard (D:4)
  2 worker ants (D:4)
  A killer bee zombie (D:5)
  4 adders
  A river rat (Sewer)
  4 worms (D:4)
  7 orcs
  A giant cockroach (D:3)
  4 hobgoblins
  2 jackals
  5 kobolds
  A goblin (D:2)
  6 rats
41 creatures vanquished.

Grand Total: 116 creatures vanquished

Notes
Turn   | Place    | Note
-------+----------+-------------------------------------------
     0 | D:1      | Napalmbreeze the Tengu Wizard began the quest for the Orb.
     0 | D:1      | Reached XP level 1. HP: 10/10 MP: 5/5
   207 | D:1      | Reached XP level 2. HP: 16/16 MP: 4/7
   246 | D:1      | Learned a level 2 spell: Call Imp
   429 | D:1      | Reached skill level 1 in Fighting
  1198 | D:2      | Reached XP level 3. HP: 20/20 MP: 5/8
  2292 | D:3      | Reached XP level 4. HP: 26/26 MP: 7/10
  2314 | D:3      | Learned a level 3 spell: Conjure Flame
  2318 | D:3      | Learned a level 3 spell: Mephitic Cloud
  2706 | D:3      | Found a snail-covered altar of Cheibriados.
  2903 | D:3      | Found a shadowy altar of Dithmenos.
  3238 | D:3      | Gained mutation: You can fly continuously. [Tengu growth]
  3238 | D:3      | Reached XP level 5. HP: 30/30 MP: 7/11
  3395 | D:4      | Reached skill level 4 in Spellcasting
  3562 | D:4      | Found a glowing drain.
  3637 | Sewer    | Entered a sewer
  3876 | Sewer    | Noticed a big kobold
  3879 | Sewer    | Killed a big kobold
  3879 | Sewer    | Reached XP level 6. HP: 37/37 MP: 5/13
  3906 | Sewer    | Found a white marble altar of Elyvilon.
  4279 | D:4      | Noticed Menkaure
  4533 | D:5      | Entered Level 5 of the Dungeon
  4556 | D:5      | Reached skill level 5 in Spellcasting
  4688 | D:5      | Noticed a water moccasin
  4781 | D:5      | Shot with an arrow by a centaur

Levels and vault maps discovered:
D:1:      sevenhm_arrival_forest_fort_large_4, layout_loops_ring, st_stairs_14
D:2:      minmay_recursive_quarters, layout_rooms, first_ration
D:3:      layout_loops_ring, grunt_dithmenos_smoke, eino_curves_04,
          grunt_ministairs_2, minmay_fountain_box, cheibriados_altar_1
D:4:      layout_cave_pools, lightli_sewer_entry_pipes, corexii_shack,
          uniq_menkaure
D:5:      layout_rooms, grunt_temple_overflow_order_and_chaos_1,
          grunt_temple_overflow_diamond, kennysheep_small_square

Skill      XL: |  1  2  3  4  5  6 |
---------------+-------------------+-----
Conjurations   | 2 3 4 |  4.0
Fighting       | 1 2 3 |  3.9
Spellcasting   | 4 5 |  5.0
Dodging        | |  2.1
Stealth        | |  2.0
Summonings     | |  1.6
Translocations | |  0.7

Action                   |  1- 3 |  4- 6 || total
-------------------------+-------+-------++-------
Melee: Short sword       |    31 |    86 ||   117
       Kick              |     4 |    12 ||    16
       Peck              |     1 |    15 ||    16
 Cast: Magic Dart        |    59 |    91 ||   150
       Call Imp          |     9 |    37 ||    46
       Conjure Flame     |       |     3 ||     3
 Abil: Fly               |       |     1 ||     1
  Use: Scroll            |       |     7 ||     7
 Stab: Distracted        |     1 |     1 ||     2
       Sleeping          |       |     1 ||     1
  Eat: Chunk             |     4 |     9 ||    13
Armor: Robe              |    20 |    15 ||    35
Dodge: Dodged            |    39 |    91 ||   130

Table legend:
 A = Non-vault XP
 B = Vault XP
 C = Vault XP percentage of total XP
 D = Non-vault monster count
 E = Vault monster count
 F = Vault count percentage of total count
                 A         B        C        D         E       F
            +---------+---------+-------+---------+---------+-------
      Total |     420 |     165 |  28.2 |      81 |      35 |  30.2
            +---------+---------+-------+---------+---------+-------
        D:1 |      30 |       2 |   6.2 |      18 |       1 |   5.3
        D:2 |      17 |      32 |  65.3 |      13 |       8 |  38.1
        D:3 |      84 |       3 |   3.4 |      31 |       2 |   6.1
        D:4 |     206 |      60 |  22.6 |      13 |      11 |  45.8
        D:5 |      83 |       0 |   0.0 |       6 |       0 |   0.0
      Sewer |       0 |      68 | 100.0 |       0 |      13 | 100.0
            +---------+---------+-------+---------+---------+-------
